 Dungeon Crawl Stone Soup version 0.29.1-15-g9cfb28693d (webtiles) character file.

Game seed: 15318738789440440812

17203 Wiggles the Executioner (level 12, -11/90 HPs)
             Began as a Minotaur Berserker on Mar 30, 2023.
             Was a High Priest of Trog.
             Killed by the raging water
             ... invoked by a water nymph
              (15 damage)
             ... on level 12 of the Dungeon.
             The game lasted 00:21:54 (12636 turns).

Wiggles the Executioner (Minotaur Berserker)       Turns: 12636, Time: 00:21:55

Health: -11/90     AC: 16    Str: 30    XL:     12   Next: 16%
Magic:  11/11      EV:  9    Int:  4    God:    Trog [*****.]
Gold:   694        SH:  0    Dex: 14    Spells: 11/11 levels left

rFire   + . .      SeeInvis .   j - +0 battleaxe (venom)
rCold   . . .      Faith    .   (shield currently unavailable)
rNeg    . . .      Spirit   .   C - +3 chain mail {rF+}
rPois   +          Reflect  .   s - +1 hat
rElec   .          Harm     .   l - +1 cloak
rCorr   .          Rampage  .   o - +0 pair of gloves
Will    .....                   (no boots)
Stlth   ..........              G - amulet of the Clean God {Acrobat Str+3 Dex+4}
HPRegen 0.25/turn               w - +4 ring of slaying
MPRegen 0.12/turn               a - ring of poison resistance

@: on berserk cooldown, slowed, very slow
A: horns 2, retaliatory headbutt
a: Renounce Religion, Berserk, Trog's Hand, Brothers in Arms


You were on level 12 of the Dungeon.
You worshipped Trog.
Trog was extremely pleased with you.
You visited 1 branch of the dungeon, and saw 12 of its levels.

You collected 769 gold pieces.
You spent 75 gold pieces at shops.

Inventory:

Hand Weapons
 j - a +0 battleaxe of venom (weapon)
Missiles
 t - 2 throwing nets (quivered)
Armour
 l - a +1 cloak (worn)
 o - a +0 pair of gloves (worn)
 s - a +1 hat (worn)
 C - a +3 chain mail of fire resistance (worn)
Jewellery
 a - a ring of poison resistance (right hand)
 f - an amulet of regeneration
 h - a +4 ring of evasion
 k - an amulet of guardian spirit
 q - a ring of magical power
 w - a +4 ring of slaying (left hand)
 x - a ring of protection from cold
 y - a +4 ring of evasion
 G - the amulet of the Clean God (around neck) {Acrobat Str+3 Dex+4}
   (You found it on level 9 of the Dungeon)

   [amulet of the acrobat]

   It increases your evasion while moving and waiting.
   Str:       It affects your strength (+3).
   Dex:       It affects your dexterity (+4).
 H - a ring of resist corrosion
 M - an amulet of faith
Wands
 e - a wand of charming (7)
 E - a wand of flame (20)
 I - a wand of quicksilver (10)
 J - a wand of iceblast (13)
 L - a wand of polymorph (4)
Scrolls
 b - 2 scrolls of teleportation
 g - a scroll of vulnerability
 r - 2 scrolls of brand weapon
 A - 2 scrolls of poison
 D - a scroll of butterflies
 K - a scroll of enchant weapon {unknown}
 N - a scroll of summoning {unknown}
Potions
 c - 3 potions of curing
 d - a potion of brilliance
 i - 2 potions of attraction
 m - 2 potions of ambrosia
 n - a potion of might
 p - 2 potions of cancellation
 u - 3 potions of flight {unknown}
 v - 2 potions of lignification {unknown}
 z - 4 potions of mutation {unknown}
 B - a potion of magic {unknown}
 F - a potion of heal wounds


   Skills:
 - Level 3.6 Fighting
 + Level 22.4 Axes
 - Level 2.4 Armour
 - Level 2.1 Dodging
 + Level 2.0 Stealth
 + Level 3.9 Shields
 + Level 0.1 Evocations


You had 11 spell levels left.
You didn't know any spells.
Your spell library was empty.

Dungeon Overview and Level Annotations

Branches:
Dungeon (12/15)            Temple (0/1) D:5            Lair (0/5) D:10
    Orc (0/2) D:10

Altars:
Hepliaklqana
Kikubaaqudgha
Makhleb
Okawaru
Sif Muna
Wu Jian
Yredelemnul
The Shining One

Shops:
D:2 (   D:3 !   D:5 *

Portals:
Trove: D:11 (give 6 scrolls of fear)


Innate Abilities, Weirdness & Mutations

You have a pair of horns on your head.
You reflexively headbutt those who attack you in melee.


Message History

You feel yourself moving faster!
You feel mighty!
The merfolk aquamancer gestures at you while chanting.
The shard of ice hits you but does no damage.
You feel a strong urge to attack something.
The merfolk aquamancer points at you and mumbles some strange words.
The shard of ice hits you!!
You slice the merfolk aquamancer!!
The merfolk aquamancer looks as sick as possible!
The merfolk aquamancer is severely wounded.
You closely miss the water nymph. You slice the merfolk aquamancer!!
The merfolk aquamancer looks as sick as possible!
The merfolk aquamancer is almost dead.
You slash the water nymph!
The water nymph is poisoned.
You kill the merfolk aquamancer!
Trog accepts your kill.
Trog appreciates your killing of a magic user.
You hear a splash. x2
The water nymph touches you. The water nymph drowns you!
Splash!
You fall into the shallow water.
Moving in this stuff is going to be slow.
The water nymph points at you and mumbles some strange words.
The water swirls and strikes you!!
Things that are here:
a +0 rapier; a +0 robe You feel a strong urge to attack something.
You are no longer berserk.
You are exhausted.
You feel yourself slow down. The water nymph casts a spell at you.
The water swirls and strikes you!!
* * * LOW HITPOINT WARNING * * *
The water nymph touches you. The water nymph drowns you!
* * * LOW HITPOINT WARNING * * *
The water nymph barely misses you.
Your unstable footing causes you to fumble your attack.
The water nymph casts a spell at you. The water swirls and strikes you!
You die...

#......... ##
...†... .. #. #.!.#
..# #. #..# ..# #.
#..###.# #.
#......###
#.####.####.........
#........~)~....###
.........~m@.#.#####
###....#.##~........
#..###.###.#.#####
#.. ..# #.#.# #.
#### #.# ### #.# #.#
..# #.# #.# #.# #.#
#.# #.#### # #.# #.#
#.##..


You could see a water nymph (poisoned).

Vanquished Creatures
  A slime creature (D:10)
  A boulder beetle (D:11)
  2 two-headed ogres
  A merfolk aquamancer (D:12)
  Pikel (D:5)
  A deep elf pyromancer (D:12)
  A manticore (D:12)
  Maurice (D:12)
  A water nymph (D:12)
  2 kobold demonologists
  A komodo dragon (D:12)
  A troll (D:11)
  A hornet (D:8)
  A wraith (D:10)
  A vampire (D:9)
  2 wyverns (D:7)
  26 yaks
  4 steam dragons
  A warg (D:10)
  An acid dragon (D:11)
  3 water moccasins
  6 orc warriors
  A sky beast (D:7)
  5 ice beasts
  2 ogres
  10 centaurs
  A phantom (D:4)
  9 kobold brigands
  4 bullfrogs
  2 necrophages
  A gnoll sergeant (D:9)
  9 wights
  A scorpion (D:7)
  15 killer bees
  A howler monkey (D:4)
  A crimson imp (D:10)
  2 gnoll boudas
  A jelly (D:6)
  2 orc priests
  2 hounds
  Terence (D:2)
  6 iguanas
  9 orc wizards
  Robin (D:3)
  8 adders
  22 gnolls
  4 shadow imps
  2 white imps
  An ufetubus (D:4)
  3 worms
  5 dart slugs
  31 orcs
  10 endoplasms
  2 giant cockroaches
  14 goblins
  12 hobgoblins
  41 kobolds
  2 quokkas
  7 ball pythons
  8 bats
  2 frilled lizards (D:2)
  10 kobold skeletons (D:8)
  8 kobold zombies (D:8)
  8 rats
  A spectral kobold (D:2)
347 creatures vanquished.

Notes
Turn   | Place    | Note
-------+----------+-------------------------------------------
     0 | D:1      | Wiggles the Minotaur Berserker began the quest for the Orb.
     0 | D:1      | Reached XP level 1. HP: 19/19 MP: 0/0
   101 | D:1      | Reached skill level 4 in Axes
   199 | D:1      | Reached XP level 2. HP: 24/26 MP: 1/1
   546 | D:1      | Reached skill level 5 in Axes
   546 | D:1      | Reached XP level 3. HP: 26/31 MP: 2/2
  1110 | D:2      | Reached ** piety under Trog
  1130 | D:2      | Noticed Terence
  1139 | D:2      | Killed Terence
  1179 | D:2      | Reached XP level 4. HP: 39/39 MP: 3/3
  1324 | D:2      | Reached skill level 6 in Axes
  1324 | D:2      | Reached skill level 1 in Stealth
  1539 | D:2      | Found Xuab's Antique Weapon Shop.
  1630 | D:2      | Found a faded altar of an unknown god.
  2129 | D:3      | Found Wyuropeo's Distillery.
  2140 | D:3      | Noticed Robin
  2152 | D:3      | Killed Robin
  2153 | D:3      | Reached XP level 5. HP: 39/45 MP: 4/4
  2208 | D:3      | Reached *** piety under Trog
  2430 | D:3      | Reached skill level 7 in Axes
  2868 | D:4      | Found a shimmering blue altar of Sif Muna.
  2889 | D:4      | Noticed a phantom
  2894 | D:4      | Killed a phantom
  2895 | D:4      | Reached skill level 8 in Axes
  2895 | D:4      | Reached XP level 6. HP: 47/51 MP: 5/5
  2971 | D:4      | Found a basalt altar of Yredelemnul.
  3146 | D:4      | Reached skill level 9 in Axes
  3632 | D:5      | Entered Level 5 of the Dungeon
  3713 | D:5      | Noticed a water moccasin
  3721 | D:5      | Killed a water moccasin
  3722 | D:5      | Reached XP level 7. HP: 57/57 MP: 6/6
  3737 | D:5      | Reached skill level 10 in Axes
  3742 | D:5      | Reached **** piety under Trog
  3743 | D:5      | Reached skill level 1 in Shields
  4170 | D:5      | Reached skill level 11 in Axes
  4407 | D:5      | Found a staircase to the Ecumenical Temple.
  4616 | D:5      | Reached XP level 8. HP: 64/64 MP: 7/7
  4616 | D:5      | Found Jiobb's General Store.
  4620 | D:5      | Noticed Pikel
  4629 | D:5      | Killed Pikel
  4630 | D:5      | Reached skill level 12 in Axes
  4745 | D:5      | Bought a scroll of enchant armour for 75 gold pieces
  4846 | D:5      | Reached skill level 13 in Axes
  5240 | D:5      | Found a hazy altar of Hepliaklqana.
  5715 | D:6      | Reached XP level 9. HP: 70/70 MP: 8/8
  5957 | D:6      | Reached skill level 14 in Axes
  6636 | D:6      | Found an iron altar of Okawaru.
  6946 | D:7      | Reached skill level 15 in Axes
  7153 | D:7      | Reached skill level 16 in Axes
  7158 | D:7      | Identified the +2 leather armour of the Moon {Drain Str+5}
  7330 | D:7      | Found an ornate altar of the Wu Jian Council.
  7591 | D:8      | Found a glowing golden altar of the Shining One.
  7686 | D:8      | Reached XP level 10. HP: 61/77 MP: 9/9
  7781 | D:8      | Reached ***** piety under Trog
  7833 | D:8      | Reached skill level 17 in Axes
  8061 | D:8      | Found an ancient bone altar of Kikubaaqudgha.
  8757 | D:9      | Reached skill level 18 in Axes
  8938 | D:9      | Received a gift from Trog
  8982 | D:9      | Found a burning altar of Makhleb.
  9019 | D:9      | Reached skill level 19 in Axes
  9032 | D:9      | Reached XP level 11. HP: 69/82 MP: 10/10
  9068 | D:9      | Identified the amulet of the Clean God {Acrobat Str+3
                  | Dex+4}
  9565 | D:10     | Entered Level 10 of the Dungeon
  9718 | D:10     | Found a staircase to the Orcish Mines.
  9788 | D:10     | Reached skill level 20 in Axes
  9793 | D:10     | Reached ****** piety under Trog
 10330 | D:10     | Found a staircase to the Lair.
 10690 | D:11     | Noticed a boulder beetle
 10699 | D:11     | Killed a boulder beetle
 10974 | D:11     | Found a portal to a secret trove of treasure.
 11121 | D:11     | Noticed a two-headed ogre
 11130 | D:11     | Killed a two-headed ogre
 11131 | D:11     | Reached skill level 21 in Axes
 11927 | D:12     | Noticed a deep elf pyromancer
 11932 | D:12     | Killed a deep elf pyromancer
 12019 | D:12     | Noticed Maurice
 12036 | D:12     | Killed Maurice
 12299 | D:12     | Noticed a two-headed ogre
 12317 | D:12     | Reached skill level 22 in Axes
 12317 | D:12     | Reached XP level 12. HP: 90/90 MP: 11/11
 12322 | D:12     | Killed a two-headed ogre
 12617 | D:12     | Noticed a merfolk aquamancer
 12632 | D:12     | Killed a merfolk aquamancer
 12635 | D:12     | HP: 4/90 [drowned by a water nymph (11)]
 12636 | D:12     | Killed from afar by a water nymph

Illustrated notes

Levels and vault maps discovered:
D:1:      nicolae_arrival_washed_ashore, layout_loops_ring
D:2:      layout_loops_ring, serial_shops, nicolae_shop_behind_doors,
          dreamdust_ecumenical_altar_drowned_temple, uniq_terence
D:3:      layout_rooms, serial_shops, shop, uniq_robin
D:4:      layout_loops_ring, lemuel_tele_altar, kennysheep_orc_sif_temple
D:5:      layout_layer_cave, kennysheep_mini_moat, minmay_temple_entry_tees,
          serial_shops, nicolae_shop_stone, uniq_pikel
D:6:      layout_cave_pools, mainiacjoe_overflow_concentric_impassable,
          serial_co_window_serial, co_window_paths_a,
          co_window_of_opportunity_a, co_window_paths_b, co_window_corner_a,
          co_window_corner_a, co_window_broadway_b, co_window_2corner,
          co_window_2corner, glass_columns_a, glass_columns_b, glass_columns_a,
          minivault_23, kennysheep_generic_room_5
D:7:      kennysheep_six_static_rooms, layout_basic, mainiacjoe_overflow_catwalk
D:8:      wander_kiku_kobolds, layout_basic, nicolae_overflow_hidden_temple
D:9:      layout_roguey, mainiacjoe_overflow_alcove_1,
          kennysheep_generic_room_16
D:10:     layout_basic, lair_entry_dummy, david_orc_3, minmay_fire_ice_demons
D:11:     layout_loops_cross, enter_trove_2
D:12:     layout_loops_ring, gauntlet_entry_generic, nicolae_splish_splash,
          uniq_maurice

Skill      XL: |  1  2  3  4  5  6  7  8  9 10 11 |
---------------+----------------------------------+-----
Axes           | 4 5 6 8 9 11 13 16 19 22 | 22.4
Stealth        | 1 2 |  2.0
Shields        | 1 2 3 |  3.9
Fighting       | |  3.6
Armour         | |  2.4
Dodging        | |  2.1
Evocations     | |  0.1

Action                   |  1- 3 |  4- 6 |  7- 9 | 10-12 || total
-------------------------+-------+-------+-------+-------++-------
Melee: Hand axe          |    72 |       |       |       ||    72
       Headbutt          |    10 |    14 |    28 |    73 ||   125
       War axe           |       |   158 |    92 |       ||   250
       Battleaxe         |       |       |    65 |   346 ||   411
Invok: Berserk           |     1 |       |     4 |     7 ||    12
Evoke: Wand              |       |       |       |     3 ||     3
  Use: Scroll            |       |       |    16 |     5 ||    21
       Potion            |       |       |     1 |       ||     1
 Stab: Sleeping          |     2 |       |       |       ||     2
Armor: Leather armour    |    16 |       |       |       ||    16
       Ring mail         |     7 |       |       |       ||     7
       Chain mail        |     2 |    88 |    64 |   188 ||   342
Dodge: Dodged            |    57 |    79 |    51 |   166 ||   353
Block: Buckler           |       |     9 |    12 |       ||    21
